Cogmind - Beta 10.2 @@@ ROGUE MODE // 2021.11.04 @ 20:44:43 Player: Obelisk Result: Destroyed by S-10 Pest with Light Assault Rifle Performance ------------- Evolutions (1) 500 Regions Visited (2) 400 Robots Destroyed (39) 195 Value Destroyed (934) 934 Prototype IDs (4) 80 Alien Tech Used (0) 0 Bonus (0) 0 TOTAL SCORE: 2109 Bonus ------- None Cogmind --------- Core Integrity 0/400 Matter 300/300 Energy 84/100 System Corruption 4% Temperature Cool (0) Movement Core (50) Location -9/Materials Parts ------- > --- POWER (1) -------- (None) > --- PROPULSION (3) --- (None) > --- UTILITY (3) ------ Improved Signal Interpreter Terrain Scan Processor > --- WEAPON (2) ------- (None) > --- INVENTORY (4) ---- Small Storage Unit Peak State ------------ > --- POWER ------------ Heavy Ion Engine > --- PROPULSION ------- Hover Unit Hover Unit > --- UTILITY ---------- Improved Signal Interpreter Terrain Scanner Medium Armor Plating > --- WEAPON ----------- Particle Gun Particle Gun > --- INVENTORY -------- Light Ion Engine Small Storage Unit Terrain Scan Processor Light Assault Rifle [Rating: 14] Favorites ----------- Power Light Ion Engine Engine Light Ion Engine Propulsion Hover Unit Wheel Compact Wheel Hover Unit Hover Unit Utility Improved Signal Interpreter Device Terrain Scanner Storage Small Storage Unit Processor Improved Signal Interpreter Hackware Hacking Suite Protection Medium Armor Plating Weapon Particle Gun Energy Gun Particle Gun Energy Cannon Advanced Beam Cannon Ballistic Gun Improved Assault Rifle Build | -11 -10 -9 ------- Run | Scr Mat Mat Slots Evolved 2 | . . 2 Power . | . . . Propulsion 1 | . . 1 Utility 1 | . . 1 Weapon . | . . . Parts Attached 39 | 6 9 24 Power 5 | 1 1 3 Engine 5 | 1 1 3 Core . | . . . Reactor . | . . . Propulsion 10 | 2 5 3 Treads . | . . . Leg . | . . . Wheel 5 | 2 3 . Hover 5 | . 2 3 Flight . | . . . Utility 7 | 1 2 4 Device 2 | . 1 1 Storage 1 | 1 . . Processor 2 | . 1 1 Hackware 1 | . . 1 Protection 1 | . . 1 Artifact . | . . . Weapon 17 | 2 1 14 Energy Gun 8 | . . 8 Energy Cannon 1 | . . 1 Ballistic Gun 8 | 2 1 5 Ballistic Cannon . | . . . Launcher . | . . . Special Weapon . | . . . Impact Weapon . | . . . Slashing Weapon . | . . . Piercing Weapon . | . . . Special Melee Weapon . | . . . Unidentified Prototypes 4 | . . 4 Parts Lost 14 | . 1 13 Power 2 | . 1 1 Propulsion 4 | . . 4 Utility 2 | . . 2 Weapon 6 | . . 6 Highest Loss Streak 7 | . 1 7 Average Slot Usage (%) 85 | . 96 80 Engine 10 | . 13 9 Wheel 7 | . 27 . Hover 14 | . . 20 Device 12 | . 11 13 Storage 1 | . 6 . Processor 12 | . 7 14 Protection 2 | . . 3 Energy Gun 6 | . . 9 Energy Cannon 1 | . . 2 Ballistic Gun 13 | . 28 7 Naked Turns . | . . . Heaviest Build 17 | 10 11 17 Greatest Support 32 | 20 32 18 Greatest Overweight (x) 1 | 1 . 1 Average Overweight (x) . | . . . Largest Inventory Capacity 6 | 6 6 4 Average Capacity 4 | 4 4 4 Most Carried 4 | 3 4 4 Average Carried 2 | . 1 2 Final Capacity 6 | 6 4 4 Final Carried 3 | . 3 1 Class Distribution -------------------- 60% | Mutant 39% | Scavenger-Mutant Dominant Class ---------------- Mutant | -10/Materials Scavenger-Mutant | -9/Materials Resources | -11 -10 -9 ----------- Run | Scr Mat Mat Matter Collected 837 | 258 115 464 Remotely . | . . . Salvage Created 1479 | . 123 1356 Parts 96 | . 13 83 Haulers Intercepted 3 | . . 3 Recyclers Shooed . | . . . Parts Field Recycled . | . . . Retrieved Matter . | . . . Parts Self-Destructed . | . . . Prevented . | . . . Kills | -11 -10 -9 ------- Run | Scr Mat Mat Combat Hostiles Destroyed 24 | . 4 20 Melee 1 | . . 1 Guns 20 | . 4 16 Cannons 3 | . . 3 Classes Destroyed 10 | . 3 7 Worker 1 | . . 1 Builder 1 | . . 1 Hauler 3 | . . 3 Recycler 3 | . . 3 Operator 1 | . . 1 Watcher 6 | . 2 4 Swarmer 4 | . 3 1 Grunt 15 | . 1 14 Brawler 1 | . . 1 Sentry 4 | . . 4 Best Kill Streak 10 | . 5 10 Combat Bots Only 5 | . 4 5 Max Kills in Single Turn 2 | . 2 1 Gunslinging 1 | . 1 . Exploded . | . . . Melee 1 | . . 1 Uniques/NPCs Destroyed . | . . . Combat | -11 -10 -9 -------- Run | Scr Mat Mat Damage Taken 1396 | . 242 1154 Core 473 | . 66 407 Absorbed by Shields . | . . . Core Remaining (%) 86 | 100 73 . Volleys Fired 97 | . 15 82 Largest 2 | . 2 2 Hottest 130 | . 40 130 Shots Fired 168 | . 30 138 Gun 148 | . 30 118 Cannon 20 | . . 20 Launcher . | . . . Special . | . . . Kinetic 109 | . 30 79 Thermal 59 | . . 59 Explosive . | . . . Electromagnetic . | . . . Robot Hit Streak 15 | . 4 15 Robot Miss Streak 4 | . 2 4 Penetration Max . | . . . Secondary Targets 2 | . 2 . Max Gunslinging Chain 1 | . 1 . Shots Hit Robots 113 | . 17 96 Core Hits 60 | . 11 49 Critical Hits 2 | . . 2 Critical Kills 1 | . . 1 Critical Parts Destroyed 1 | . . 1 Melee Attacks . | . . . Impact . | . . . Slashing . | . . . Piercing . | . . . Sneak Attacks . | . . . Combat Hostiles . | . . . Follow-up Attacks . | . . . Damage Inflicted 1686 | . 219 1467 Guns 1436 | . 219 1217 Cannons 227 | . . 227 Explosions . | . . . Melee . | . . . Ramming 23 | . . 23 Kinetic 1002 | . 219 783 Thermal 661 | . . 661 Explosive . | . . . Electromagnetic . | . . . Impact . | . . . Slashing . | . . . Piercing . | . . . Highest Corruption 4 | . . 4 Average Corruption 3 | . . 3 Corruption Purged . | . . . Effects 16 | . . 16 Message Errors 1 | . . 1 Matter Fused 1 | . . 1 Heat Flow Errors 3 | . . 3 Energy Discharges 2 | . . 2 Parts Rejected 1 | . . 1 Data Loss (minor) 3 | . . 3 Targeting Errors 5 | . . 5 Overload Shots . | . . . Overflow Damage . | . . . Projectiles . | . . . Explosions . | . . . Melee . | . . . Knockbacks . | . . . Impact . | . . . Kinetic . | . . . Secondary . | . . . Self-Inflicted Damage 10 | . . 10 Shots . | . . . Rammed 5 | . . 5 Targets Rammed 5 | . . 5 Kicked . | . . . Crushed . | . . . Highest Temperature 426 | . 18 426 Average Temperature 113 | . 8 118 Received Heat Transfer 531 | . 93 438 Effects 5 | . . 5 Shutdowns 1 | . . 1 Energy Bleed 2 | . . 2 Matter Decay 1 | . . 1 Short Circuit 1 | . . 1 Siege Activations . | . . . Robots Corrupted . | . . . Combat Hostiles . | . . . Parts Fried . | . . . Impact Corruptions . | . . . Robots Melted . | . . . Combat Hostiles . | . . . Parts Melted 1 | . . 1 Heat Transferred 1407 | . . 1407 Parts Sabotaged . | . . . Parts Stolen . | . . . Parts Stripped . | . . . Power Chain Reactions . | . . . Missiles Intercepted . | . . . Alert | -11 -10 -9 ------- Run | Scr Mat Mat Peak Influence 349 | . 119 349 Initial 50 | . . 50 Average 108 | . 26 147 Maximum Alert Level 1 | . . 1 Low Security (%) 81 | 100 100 72 Level 1 18 | . . 27 Level 2 . | . . . Level 3 . | . . . Level 4 . | . . . Level 5 . | . . . High Security . | . . . Max Security . | . . . Squads Dispatched 2 | . . 2 Investigation . | . . . Extermination . | . . . Reinforcement 2 | . . 2 Assault . | . . . Garrison . | . . . Intercept . | . . . Construction Impeded . | . . . Haulers Reinforced . | . . . Stealth | -11 -10 -9 --------- Run | Scr Mat Mat Distress Signals 5 | . 1 4 Communications Jammed . | . . . Distress Signals . | . . . Times Spotted 45 | . 8 37 Peak Tracking Total 6 | . 4 6 Tactical Retreats . | . . . Traps | -11 -10 -9 ------- Run | Scr Mat Mat Traps Triggered 2 | . 1 1 Indirectly . | . . . Trap Hack Attempts . | . . . Triggered . | . . . Disarmed . | . . . Reprogrammed . | . . . Reused . | . . . Traps Extracted . | . . . Installed . | . . . Triggered . | . . . Machines | -11 -10 -9 ---------- Run | Scr Mat Mat Machines Disabled . | . . . Max in Single Turn . | . . . Machines Sabotaged . | . . . Garrisons Compromised . | . . . Overloaded Fab Kills . | . . . Fab Network Shutdowns . | . . . Hacking | -11 -10 -9 --------- Run | Scr Mat Mat Machines Accessed 2 | . 1 1 Terminals 1 | . 1 . Fabricators . | . . . Repair Stations . | . . . Recycling Units 1 | . . 1 Scanalyzers . | . . . Garrison Access . | . . . Total Hacks 4 | . 2 2 Successful 2 | . 1 1 Failed 2 | . 1 1 Catastrophic . | . . . Database Lockouts . | . . . Manual . | . . . Terminals 2 | . 2 . Fabricators . | . . . Repair Stations . | . . . Recycling Units 2 | . . 2 Scanalyzers . | . . . Garrison Access . | . . . Terminal Hacks 1 | . 1 . Robot Analysis 1 | . 1 . Fabricator Hacks . | . . . Repair Station Hacks . | . . . Recycling Unit Hacks 1 | . . 1 Report Inventory 1 | . . 1 Scanalyzer . | . . . Garrison Access Hacks . | . . . Unauthorized Hacks . | . . . Terminals . | . . . Fabricators . | . . . Repair Stations . | . . . Recycling Units . | . . . Scanalyzers . | . . . Garrison Access . | . . . Data Cores Recovered . | . . . Used . | . . . Hacking Detections . | . . . Full Trace Events . | . . . Feedback Events . | . . . Feedback Blocked . | . . . Robot Schematics Acquired . | . . . Robots Built . | . . . Matter . | . . . Time . | . . . Total Robot Build Rating . | . . . Part Schematics Acquired . | . . . Parts Built . | . . . Matter . | . . . Time . | . . . Total Part Build Rating . | . . . Parts Repaired . | . . . Time . | . . . Parts Recycled . | . . . Recycled Matter . | . . . Retrieved Matter . | . . . Retrieved Components . | . . . Parts Scanalyzed . | . . . Part Schematics Acquired . | . . . Parts Damaged . | . . . Bothacking | -11 -10 -9 ------------ Run | Scr Mat Mat Used RIF Installer . | . . . Robots Hacked . | . . . Non-combat . | . . . Combat . | . . . Robot Hacks Applied . | . . . Relay Couplers Released . | . . . Robots Rewired . | . . . Allies Hacked . | . . . Hacks Repelled . | . . . Allies | -11 -10 -9 -------- Run | Scr Mat Mat Total Allies . | . . . Largest Group . | . . . Highest-Rated Group . | . . . Highest-Rated Ally . | . . . Total Orders . | . . . Ally Attacks . | . . . Total Damage . | . . . Kills . | . . . Allies Corrupted . | . . . Allies Melted . | . . . Intel | -11 -10 -9 ------- Run | Scr Mat Mat Robot Analysis Total 1 | . 1 . Derelict Logs Recovered . | . . . Drone Launches . | . . . Drone Recoveries . | . . . Exploration | -11 -10 -9 ------------- Run | Scr Mat Mat Turns Passed 1072 | 39 300 733 Spaces Moved 750 | 36 236 478 Core 22 | 7 . 15 Treads . | . . . Legs . | . . . Wheels 257 | 29 228 . Hover 471 | . 8 463 Flight . | . . . Fastest Speed 50 | 50 56 50 Average Speed 83 | 75 97 76 Slowest Speed 120 | 100 100 120 Overloaded Moves . | . . . Propulsion Burnouts . | . . . Robots Hopped . | . . . Cave-ins Triggered . | . . . Exploration Rate (%) 32 | 3 45 48 Regions Visited 2 Branch Regions . Pre-discovered Areas . | . . . Known Exits Taken 1 | . 1 . Unknown Exits Taken 1 | 1 . . Scrap Searched . | . . . Spaces Dug . | . . . Terrain Destroyed . | . . . Melee . | . . . Projectile . | . . . AOE . | . . . Terrain Rammed . | . . . Walls Destroyed . | . . . Machines Disabled . | . . . Actions | -11 -10 -9 --------- Run | Scr Mat Mat Total 1029 | 47 277 705 Wait 94 | . 3 91 Move 748 | 35 235 478 Hop . | . . . Pick Up 32 | 6 11 15 Fast Attach 2 | . . 2 Attach 20 | 6 4 10 Detach . | . . . Swap 17 | . 5 12 Drop 14 | . 4 10 Fire 97 | . 15 82 Melee . | . . . Ram 5 | . . 5 Kick . | . . . Crush . | . . . Escape Stasis . | . . . Rewire . | . . . Trap . | . . . Miscellaneous . | . . . Route ------- -11/Scrapyard -10/Materials -9/Materials (discovered 1 exit: *Min) History --------- Turn | Location | Event 7 | -11/Scrapyard | Discovered new exit (range 16) 40 | -11/Scrapyard | Entered Materials 169 | -10/Materials | Discovered new exit (range 7) 301 | -10/Materials | Build established: Mutant 339 | -10/Materials | Identified exit to Materials 340 | -10/Materials | Entered another Materials area 340 | -9/Materials | Evolved 2 slots: Propulsion x1, Utility x1 844 | -9/Materials | Discovered new exit (range 8) 848 | -9/Materials | Identified exit to Mines 982 | -9/Materials | Lost 4 parts (1p1n2w) 1059 | -9/Materials | Core integrity fell below 50% 1068 | -9/Materials | Core integrity fell below 20% 1073 | -9/Materials | Destroyed by S-10 Pest with Light Assault Rifle Last Messages --------------- Acquired 3 matter. Hvy. Assault Rifle destroyed. R-06 Scavenger collects Heat Sink. Acquired Sml. Laser. R-06 Scavenger collects Lgt. Ion Engine. G-34 Mercenary destroyed. R-06 Scavenger collects Datajack. Sml. Laser destroyed. Acquired 5 matter. Acquired Sml. Laser. Sml. Laser destroyed. Slammed into S-10 Pest. System corrupted: Energy discharge (-36). Slammed into S-10 Pest. S-10 Pest destroyed. Slammed into S-10 Pest. Imp. Signal Interpreter permanently disabled. Destabilizing: Short circuit. Slammed into S-10 Pest. S-10 Pest destroyed. Map ----- +----------------------------------------------------+ | + % %/%*||% ""=##?# | | # ![[ [ ""#==||= ""*#??# | | # ##### ####/#### ![! T"# / !%*[#### | | #######???# ### # ![! ""# **]%+*%%= | | ??##?????### ### "" # #####+#####!!* | | ????#???#### #?# Y" + #??#! #! | | ?#?????#?### ### "" # ###### #??# +* | | ???#??????## #?# #####?#??# ##?# # | | ??##?#####?# ### #???? ???# #??# """ # | | ?#?#######?#%#?# """ #??? ????#! !## """?# | | #????##??#?# ### """ #?? ?????#! !## """?# | | #?#######??#%### """ #????????##!!!!########## | | #??#?# #####=### """ ##?"?"?#???#####?# + | | ###### #?#=#?# ## "?????????????# ####+ | | ?? ??#=### ## ??????????#?# """?# | | ?##? ?### ############+##??????????# ""??# | | ###### ### %= #??????????# ""??# | | % % = % #??????????# ???# | | % T !! % %*!!#??????????######??# | | % #########%=!#?###????????????#?# | | ######+### ###?#?#?#Y=%### #######????????#### | | ###+###??#?####%* ## ????????????? | | ?? # ??#??### ==## """ ""????????????? | | # """???## % # """ ""S #??????????? | | """ """ # """#???# =s # """ "" #??????????? | | """ """ # """#??## =@%%/s #??????????? | | """ """ # [ #?#?# * # #??????????? | | # """#???# # #??????????? | | ? # """##??## ## #??????????? | | ?######### """?????# ############??????????? | | ???????#?# ?????# #?????????????????????? | | ?????????#######???????# #?????????????????????? | | ???????????????????????# #?????????????????????? | | ???????????????????????# #?????????????????????? | | ???????????????????????# #?????????????????????? | | ???????????????????????# ?????????????????????? | | ???????????????????????# ?????????????????????? | | ???????????????????????# ?????????????????????? | | ???????????????????????#####?????????????????????? | | ?????????????????????????????????????????????????? | | ?????????????????????????????????????????????????? | | ?????????????????????????????????????????????????? | | ?????????????????????????????????????????????????? | | ?????????????????????????????????????????????????? | | | | | | | | | | | | | +----------------------------------------------------+ Best States ------------- Heat Dissipation 38 Energy Generation 10 Energy Capacity 125 Matter Stores 300 Matter Capacity 300 Sight Range 16 Terrain Scan Range 14 Terrain Scan Density 85 Armor Coverage 225 Evasion (%) 53 Offensive Hacking 10 Item Schematics ----------------- None Robot Schematics ------------------ None Fabricated ------------ Nothing Alien Tech Used ----------------- None Achievements -------------- None Challenges ------------ None Game ------ Seed SniperFocalSpear Manual? 0 Play Time 00:16:07 Cumulative 13.4 hours Start 2021.11.04 @ 20:31:16 End 2021.11.04 @ 20:44:43 Sessions 1 Manual Loads 0 Difficulty Rogue Special Mode None Game No. 32 Rogue 32 Adventurer 0 Explorer 0 Win Type - Total 0 Types 0/0/0/0/0/0/0/0/0 Lore% 22 Gallery% 20 Achievement% 16 Wizard Run 0 Options --------- ASCII 0 Keyboard 0 Movement Mouse Keybinds 0 Fullscreen 1 Font 14/SmallcapsGlow Map View 84x54 Tactical HUD 0 Map Filters NONE Filters NONE Steam 1 RUN: d11bb6b0-de44-424b-94b9-915c3d5f3aac